 Dungeon Crawl Stone Soup version 0.27-a0-767-g00efbec225 (webtiles) character file.

Game seed: 11220029182940097000

80041 KennyOmg the Peltast (level 15, -10/145 HPs)
             Began as a Minotaur Berserker on Mar 22, 2021.
             Was a High Priest of Trog.
             Mangled by a cane toad (14 damage)
             ... on level 6 of the Lair of Beasts on Mar 25, 2021.
             The game lasted 00:42:17 (31044 turns).

KennyOmg the Peltast (Minotaur Berserker)          Turns: 31044, Time: 00:42:17

Health: -10/145    AC: 46    Str: 25    XL:     15   Next: 22%
Magic:  14/14      EV:  6    Int:  6    God:    Trog [*****.]
Gold:   2546       SH: 21    Dex: 11    Spells: 14/14 levels left

rFire    . . .     SeeInvis .   J - +2 demon whip (freeze)
rCold    . . .     Faith    .   M - +0 tower shield
rNeg     . . .     Spirit   .   q - +12 crystal plate armour
rPois    .         Reflect  .   A - +1 hat
rElec    .         Harm     .   E - +2 cloak
rCorr    +         Rampage  +   (no gloves)
Will     +....                  H - +0 pair of boots {rampage}
Stlth    ..........             (no amulet)
HPRegen  0.34/turn              e - +4 ring of protection
MPRegen  0.14/turn              c - ring of resist corrosion

@: lethally poisoned (-10 -> -27), berserk cooldown, slowed, very slow
A: horns 2, retaliatory headbutt
a: Renounce Religion, Berserk, Trog's Hand, Brothers in Arms


You were on level 6 of the Lair of Beasts.
You worshipped Trog.
Trog was extremely pleased with you.
You visited 3 branches of the dungeon, and saw 23 of its levels.
You also visited: Bailey and Ice Cave.

You collected 2942 gold pieces.
You spent 396 gold pieces at shops.

Inventory:

Hand Weapons
 g - the +10 morningstar of the Vestibule of Hell {vorpal, +Fly rPois}
   (Trog gifted it to you on level 2 of the Orcish Mines)

   It inflicts extra damage upon your enemies.
   It protects you from poison.
   It lets you fly.
 J - a +2 demon whip of freezing (weapon)
   (You found it in an ice cave)
Missiles
 L - 4 throwing nets {!f}
Armour
 d - the +0 pair of boots of Resonance {rCorr}
   (You bought it in a shop on level 5 of the Dungeon)

   It provides partial protection from all sources of acid and corrosion.
 q - a +12 crystal plate armour (worn)
   (You found it on level 7 of the Dungeon)
 A - a +1 hat (worn)
   (You bought it in a shop on level 5 of the Dungeon)
 E - a +2 cloak (worn)
   (You found it on level 11 of the Dungeon)
 H - a +0 pair of boots of rampaging (worn)
   (You found it in an ice cave)
 M - a +0 tower shield (worn)
   (You bought it in a shop on level 7 of the Dungeon)
Jewellery
 c - a ring of resist corrosion (left hand)
   (You found it on level 11 of the Dungeon)
 e - a +4 ring of protection (right hand)
   (You found it on level 14 of the Dungeon)
 k - a ring of willpower
   (You found it on level 11 of the Dungeon)
Wands
 l - a wand of mindburst (14)
   (You took it off a gnoll shaman on level 5 of the Dungeon)
 t - a wand of flame (49)
   (You found it on level 4 of the Dungeon)
 u - a wand of paralysis (5)
   (You found it on level 5 of the Lair of Beasts)
 v - a wand of digging (3)
   (You found it on level 5 of the Lair of Beasts)
 x - a wand of acid (7)
   (You took it off Harold on level 9 of the Dungeon)
 y - a wand of charming (9)
   (You found it on level 3 of the Lair of Beasts)
Scrolls
 b - 7 scrolls of identify {@r1}
 f - 8 scrolls of teleportation {@r4}
 j - 4 scrolls of immolation {!r}
 m - 4 scrolls of summoning
 o - 3 scrolls of blinking
 B - 4 scrolls of fear
 F - a scroll of magic mapping
 I - a scroll of silence
Potions
 a - 2 potions of ambrosia
 h - 4 potions of invisibility
 i - a potion of resistance {unknown}
 n - 2 potions of cancellation
 p - 2 potions of mutation {!q}
 r - 5 potions of lignification {!q}
 s - 5 potions of might
 w - 3 potions of berserk rage
 z - 4 potions of heal wounds {@q2}
 D - 2 potions of haste {@q3}
 G - 4 potions of curing {@q1}
 K - a potion of flight {unknown}
Miscellaneous
 C - a phantom mirror
   (You found it on level 10 of the Dungeon)


   Skills:
 + Level 16.3 Fighting
 - Level 5.2(9.2) Axes
 - Level 11.5(12.0) Maces & Flails
 + Level 16.2 Armour
 - Level 7.5 Dodging
 * Level 16.5 Shields


You had 14 spell levels left.
You didn't know any spells.
Your spell library was empty.

Dungeon Overview and Level Annotations

Branches:
Dungeon (15/15)            Temple (0/1) D:6            Lair (6/6) D:10
  Swamp (0/4) Lair:2        Snake (0/4) Lair:2          Orc (2/2) D:11
    Elf (0/3) Orc:2        Vaults (0/5) D:13         Depths (0/5) D:15
 Bailey (visited)           IceCv (visited)
  Slime: Lair:5-6

Altars:
Dithmenos
Elyvilon
Fedhas
Gozag
Kikubaaqudgha
Nemelex Xobeh
Okawaru
Ru
Sif Muna
Wu Jian
Yredelemnul
The Shining One

Shops:
D:5 [(   D:7 [   D:11 (   D:13 [(!   Orc:2 *[=(


Innate Abilities, Weirdness & Mutations

You have a pair of horns on your head.
You reflexively headbutt those who attack you in melee.


Message History

You whack the vampire mosquito! You freeze the vampire mosquito.
You destroy the vampire mosquito!
Trog accepts your kill. You block the blink frog's attack.
A bullfrog comes into view.
The cane toad barely misses you. You block the blink frog's attack.
Your two-headed ogre closely misses the cane toad.
Your two-headed ogre hits the cane toad with a +0 giant spiked club!
You block the cane toad's attack. x2
The cane toad stings you but does no damage.
The blink frog hits you but does no damage.
The cane toad stings you!
* * * LOW HITPOINT WARNING * * *
You whack the blink frog! You freeze the blink frog.
You kill the blink frog!
Trog accepts your kill. The blink frog closely misses you.
You block the cane toad's attack. x2
The cane toad stings you but does no damage.
Your two-headed ogre barely misses the blink frog.
Your two-headed ogre closely misses the blink frog.
The cane toad stings you.
* * * LOW HITPOINT WARNING * * *
You are lethally poisoned!
The cane toad poisons you! You block the blink frog's attack.
You thrash the blink frog!! You freeze the blink frog.
You kill the blink frog!
Trog accepts your kill.
* * * LOW HITPOINT WARNING * * *
You feel extremely sick. You block the cane toad's attack.
The cane toad stings you but does no damage.
Your two-headed ogre barely misses the cane toad.
Your two-headed ogre hits the cane toad with a +0 giant spiked club!
The cane toad stings you but does no damage.
You block the cane toad's attack. The bullfrog hits your two-headed ogre!
The blink frog blinks!
You feel better.
Your two-headed ogre barely misses the bullfrog. x2
You block the cane toad's attack. x2
The bullfrog completely misses your two-headed ogre.
The cane toad stings you!
* * * LOW HITPOINT WARNING * * *
You are lethally poisoned!
The cane toad poisons you!
Your two-headed ogre hits the bullfrog with a +0 dire flail!!
The bullfrog dies!
Trog accepts your kill.
The cane toad stings you but does no damage.
The cane toad stings you!
You die...

.. ##......#
..# #........
...####.#.#.(..
..#..#..<.PP...
...............
..P.)...§......
.......F.......
##F@F......
#..OF......
#..###.††≈..≈..
..≈..†††.≈F.≈≈≈
..P...††.≈≈≈≈≈P
..≈...≈≈≈≈≈P≈≈#
.≈..≈≈≈≈≈≈≈≈###
≈.P≈≈≈≈≈≈≈≈≈P#
##≈P≈≈≈≈≈≈≈≈≈≈#


You could see 4 cane toads, a blink frog and a friendly two-headed ogre
(summoned, berserk).

Vanquished Creatures
  Nessos (D:12)
  A dire elephant (D:15)
  The ghost of Wuw Late the Geomancer, a journeyman GrEE of Vehumet (Lair:2)
  Josephine (D:11)
  5 hydras
  3 vault guards (D:13)
  3 boulder beetles
  2 death knights
  5 centaur warriors
  2 tengu warriors
  An orc high priest (Orc:2)
  4 death yaks (Lair:5)
  2 two-headed ogres
  Urug (Lair:2)
  Pikel (D:7)
  7 orc knights
  A phantasmal warrior (D:14)
  2 oklob plants
  A wolf spider (D:15)
  3 manticores
  4 orc sorcerers (Orc:2)
  2 ugly things
  2 black mambas
  3 cyclopes
  4 elephants (Lair:3)
  2 ice statues (IceCv)
  A torpor snail (Lair:2)
  14 cane toads
  An efreet (D:14)
  A rime drake (Lair:3)
  7 ice devils (IceCv)
  A freezing wraith (D:14)
  8 komodo dragons
  2 tengu conjurers (D:15)
  2 tyrant leeches (Lair:6)
  9 trolls
  A meliai (shapeshifter) (D:13)
  A hornet (Lair:5)
  Prince Ribbit (D:8)
  11 blink frogs
  19 slime creatures
  4 wraiths
  A tarantella (shapeshifter) (D:13)
  Eustachio (D:5)
  41 yaks
  4 basilisks
  A vampire (D:14)
  4 wyverns
  6 vampire mosquitoes
  3 steam dragons
  4 wargs
  2 nagas (Lair:2)
  2 acid dragons
  9 water moccasins
  32 orc warriors
  A black bear (D:5)
  8 ice beasts
  A sky beast (D:5)
  11 ogres
  A necrophage (D:8)
  10 centaurs
  6 wolves
  A phantom (D:6)
  2 lemures (D:7)
  A kobold brigand (D:10)
  19 bullfrogs
  5 scorpions
  3 killer bees (D:8)
  16 wights
  A howler monkey (D:14)
  2 electric eels
  2 quasits (D:7)
  2 centaur zombies
  5 hounds
  2 jellies
  16 orc priests
  2 bullfrog skeletons
  A centaur skeleton (D:5)
  2 gnoll shamans
  A water moccasin simulacrum (D:8)
  Jessica (D:2)
  5 iguanas
  24 orc wizards
  4 removed worker ants
  7 hell rats (Lair:4)
  2 centaur simulacra
  A hound zombie (D:7)
  A hound skeleton (D:10)
  2 removed worker ant zombies
  A howler monkey zombie (D:11)
  A howler monkey skeleton (D:6)
  12 gnolls
  8 adders
  A shadow imp (D:8)
  13 white imps
  9 ufetubi
  An adder zombie (D:8)
  An adder skeleton (D:4)
  2 dart slugs
  102 orcs
  An endoplasm (D:4)
  9 giant cockroaches
  8 hobgoblins
  13 jackals
  10 kobolds
  10 quokkas
  16 bats
  6 frilled lizards
  6 goblins
  A quokka simulacrum (D:8)
  14 rats
  3 bushes (D:6)
673 creatures vanquished.

Vanquished Creatures (collateral kills)
  An orc warlord (Orc:2)
  Harold (D:9)
  A vault guard (D:13)
  Erica (D:9)
  2 orc high priests (Orc:2)
  2 orc knights (Bailey)
  3 oklob plants (Lair:4)
  5 cane toads (Lair:6)
  A rime drake (Lair:4)
  3 blink frogs (Lair:6)
  2 wraiths (D:11)
  2 vampire mosquitoes (Lair:6)
  A water moccasin (Lair:6)
  9 orc warriors
  An ice beast (D:9)
  4 bullfrogs (Lair:6)
  A wight (D:11)
  9 orc priests (Orc:2)
  2 orc wizards (Orc:2)
  29 orcs
80 creatures vanquished.

Vanquished Creatures (others)
  A reaper (IceCv)
  A wizard (D:14)
  A yak (D:11)
  3 white imps (IceCv)
  4 ufetubi (IceCv)
  2 jackals (D:11)
  11 fungi
  69 plants
  17 toadstools (D:6)
109 creatures vanquished.

Grand Total: 862 creatures vanquished

Notes
Turn   | Place    | Note
-------+----------+-------------------------------------------
     0 | D:1      | KennyOmg the Minotaur Berserker began the quest for the
                  | Orb.
     0 | D:1      | Reached XP level 1. HP: 19/19 MP: 0/0
   346 | D:1      | Reached XP level 2. HP: 27/27 MP: 1/1
   715 | D:1      | You fall into a shaft and drop 1 floor!
   753 | D:2      | Reached ** piety under Trog
   854 | D:2      | Reached XP level 3. HP: 18/33 MP: 2/2
  1230 | D:2      | Noticed an ice beast
  1242 | D:2      | Killed an ice beast
  1243 | D:2      | Reached skill level 5 in Axes
  1243 | D:2      | Reached XP level 4. HP: 41/41 MP: 3/3
  1243 | D:2      | Reached XP level 5. HP: 47/47 MP: 4/4
  1886 | D:2      | Noticed Jessica
  1894 | D:2      | Killed Jessica
  1895 | D:2      | Reached skill level 1 in Maces & Flails
  2582 | D:3      | Reached XP level 6. HP: 55/55 MP: 5/5
  2592 | D:3      | Upgraded the game from 0.27-a0-695-gb4952372f7 to
                  | 0.27-a0-752-gc3205288ea
  2648 | D:3      | Found an ornate altar of the Wu Jian Council.
  2652 | D:3      | Found a blossoming altar of Fedhas.
  2657 | D:3      | Found a white marble altar of Elyvilon.
  2734 | D:3      | Found an ancient bone altar of Kikubaaqudgha.
  2734 | D:3      | Found a sparkling altar of Nemelex Xobeh.
  2742 | D:3      | Found a faded altar of an unknown god.
  2744 | D:3      | Found a shimmering blue altar of Sif Muna.
  2748 | D:3      | Found a basalt altar of Yredelemnul.
  2889 | D:4      | Reached skill level 5 in Fighting
  2891 | D:4      | Reached *** piety under Trog
  3736 | D:4      | Reached XP level 7. HP: 32/61 MP: 6/6
  4270 | D:5      | Entered Level 5 of the Dungeon
  4278 | D:5      | Noticed Eustachio
  4570 | D:5      | Killed Eustachio
  4571 | D:5      | Reached skill level 5 in Maces & Flails
  4571 | D:5      | Reached skill level 5 in Armour
  4739 | D:5      | Found Diem's Antique Armour Shop.
  4759 | D:5      | Found Wulevomy's Antique Weapon Shop.
  5181 | D:5      | Reached XP level 8. HP: 61/70 MP: 7/7
  5253 | D:5      | Reached skill level 5 in Dodging
  5950 | D:5      | Reached **** piety under Trog
  6294 | D:6      | HP: 4/109 [bullfrog (3)]
  6660 | D:6      | Reached XP level 9. HP: 66/79 MP: 8/8
  6868 | D:6      | Found a staircase to the Ecumenical Temple.
  6896 | D:6      | Found an iron altar of Okawaru.
  7848 | D:6      | Found a blossoming altar of Fedhas.
  7867 | D:6      | Noticed an oklob plant
  8063 | D:7      | Noticed Pikel
  8082 | D:7      | Killed Pikel
  8817 | D:7      | Reached skill level 10 in Maces & Flails
  8824 | D:7      | Found Xom Faig's Antique Armour Boutique.
  8873 | D:7      | Bought a tower shield for 99 gold pieces
  8949 | D:5      | Bought a pair of translucent boots for 171 gold pieces
  8949 | D:5      | Identified the +0 pair of boots of Resonance {rCorr} (You
                  | bought it in a shop on level 5 of the Dungeon)
  9110 | D:6      | Killed an oklob plant
  9111 | D:6      | Reached XP level 10. HP: 68/90 MP: 9/9
  9702 | D:8      | Reached skill level 1 in Shields
  9735 | D:8      | Reached ***** piety under Trog
 10411 | D:8      | Noticed Prince Ribbit
 10423 | D:8      | Killed Prince Ribbit
 10622 | D:8      | Received a gift from Trog
 10944 | D:9      | Noticed Harold
 10946 | D:9      | Noticed Erica
 10953 | D:9      | Killed Harold
 10954 | D:9      | Killed Erica
 11406 | D:9      | Reached skill level 10 in Fighting
 11408 | D:9      | Reached XP level 11. HP: 69/99 MP: 10/10
 11576 | D:9      | Found an opulent altar of Gozag.
 11683 | D:5      | Bought an embroidered hat for 126 gold pieces
 11900 | D:10     | Entered Level 10 of the Dungeon
 12091 | D:10     | Reached skill level 5 in Shields
 12224 | D:10     | Reached skill level 10 in Armour
 12780 | D:10     | Found a staircase to the Lair.
 13550 | D:11     | Found a staircase to the Orcish Mines.
 13564 | D:11     | Received a gift from Trog
 13678 | D:11     | Noticed Josephine
 13692 | D:11     | Killed Josephine
 13722 | D:11     | Found a flagged portal.
 13731 | Bailey   | Entered a bailey
 13731 | Bailey   | Upgraded the game from 0.27-a0-752-gc3205288ea to
                  | 0.27-a0-767-g00efbec225
 14042 | Bailey   | Noticed an orc knight
 14055 | Bailey   | Killed an orc knight
 14062 | Bailey   | Noticed an orc knight
 14062 | Bailey   | Noticed an orc knight
 14066 | Bailey   | Noticed an orc knight
 14070 | Bailey   | Noticed an orc knight
 14070 | Bailey   | Killed an orc knight
 14072 | Bailey   | Killed an orc knight
 14078 | Bailey   | Killed an orc knight
 14082 | Bailey   | Killed an orc knight
 14470 | D:11     | Noticed a brown ugly thing
 14480 | D:11     | Killed a brown ugly thing
 14503 | D:11     | Found Gunastid's Weapon Emporium.
 14555 | D:11     | Reached XP level 12. HP: 112/112 MP: 11/11
 14994 | D:12     | Noticed a boulder beetle
 15006 | D:12     | Killed a boulder beetle
 15009 | D:12     | Found a frozen archway.
 15018 | IceCv    | Entered an ice cave
 15216 | IceCv    | Killed a reaper
 17231 | D:12     | Noticed a two-headed ogre
 17237 | D:12     | Killed a two-headed ogre
 17275 | D:12     | Noticed a boulder beetle
 17289 | D:12     | Killed a boulder beetle
 17425 | D:12     | Reached skill level 10 in Shields
 17630 | D:12     | Found a sacrificial altar of Ru.
 17631 | D:12     | Noticed Nessos
 17644 | D:12     | Killed Nessos
 18460 | D:12     | Noticed a death knight
 18473 | D:12     | Killed a death knight
 18907 | D:13     | Found Tusirchops's Antique Weapon Shop.
 18918 | D:13     | Noticed a four-headed hydra
 18928 | D:13     | Killed a four-headed hydra
 19095 | D:13     | Identified a scroll of acquirement
 19095 | D:13     | Acquired 365 gold pieces
 19122 | D:13     | Found Limiczag's Antique Armour Emporium.
 19131 | D:13     | Noticed a tengu warrior
 19134 | D:13     | Noticed a vault guard
 19156 | D:13     | Killed a vault guard
 19156 | D:13     | Noticed a vault guard
 19160 | D:13     | Killed a tengu warrior
 19161 | D:13     | Reached XP level 13. HP: 122/122 MP: 12/12
 19677 | D:13     | Found a gate to the Vaults.
 19698 | D:13     | Identified the +2 ring mail of Valour {Will+ Int+3}
 19762 | D:13     | Found Awofah's Distillery.
 20966 | D:14     | HP: 8/187 [wraith[a death knight] (8)]
 21688 | D:15     | Entered Level 15 of the Dungeon
 22114 | D:15     | Found a staircase to the Depths.
 22114 | D:15     | Noticed a dire elephant
 22135 | D:15     | Killed a dire elephant
 22826 | Orc:1    | Entered Level 1 of the Orcish Mines
 23603 | Orc:2    | Entered Level 2 of the Orcish Mines
 23728 | Orc:2    | Found a staircase to the Elven Halls.
 23918 | Orc:2    | Reached XP level 14. HP: 133/133 MP: 13/13
 24109 | Orc:2    | Reached skill level 15 in Fighting
 24153 | Orc:2    | Noticed an orc warlord
 24162 | Orc:2    | Killed an orc warlord
 24163 | Orc:2    | Reached skill level 15 in Armour
 24163 | Orc:2    | HP: 5/135 [orc priest/divine providence (11)]
 25043 | Orc:2    | Identified the +10 morningstar of the Vestibule of Hell
                  | {vorpal, +Fly rPois} (Trog gifted it to you on level 2 of
                  | the Orcish Mines)
 25043 | Orc:2    | Received a gift from Trog
 25070 | Orc:2    | Found Soodojot's Antique Armour Shoppe.
 25071 | Orc:2    | Found Baricuin's Antique Weapon Emporium.
 25073 | Orc:2    | Found Bair's General Store.
 25073 | Orc:2    | Found Nontak's Jewellery Shoppe.
 25391 | Lair:1   | Entered Level 1 of the Lair of Beasts
 25476 | Lair:1   | Found a shadowy altar of Dithmenos.
 25538 | Lair:1   | Found a glowing golden altar of the Shining One.
 26655 | Lair:2   | Reached skill level 15 in Shields
 26657 | Lair:2   | Noticed Wuw Late's ghost (journeyman GrEE)
 26663 | Lair:2   | Found a runed translucent door.
 26681 | Lair:2   | Noticed Urug
 26726 | Lair:2   | Killed Urug
 27110 | Lair:2   | Killed Wuw Late's ghost
 27202 | Lair:2   | Found a staircase to the Snake Pit.
 27510 | Lair:2   | Found a staircase to the Swamp.
 30137 | Lair:5   | Reached XP level 15. HP: 144/144 MP: 14/14
 30140 | Lair:5   | Received a gift from Trog
 30972 | Lair:6   | Entered Level 6 of the Lair of Beasts
 31043 | Lair:6   | HP: 4/145 [poisoned by a cane toad]
 31044 | Lair:6   | Mangled by a cane toad

Illustrated notes

Levels and vault maps discovered:
D:1:      psy_arrival_conway, layout_basic
D:2:      layout_loops_ring, chequers_serial_rivers_large_a, uniq_jessica
D:3:      layout_rooms, grunt_temple_overflow_diamond,
          chequers_temple_overflow_minitemple
D:4:      layout_loops_corners
D:5:      kennysheep_windowed_halls, layout_basic, serial_shops, shop, shop,
          uniq_eustachio
D:6:      layout_cave_pools, okawaru_trees_2, temple_fountains,
          serial_column_ruins, column_ruins_hut_pillars,
          column_ruins_square_medium, column_ruins_grid_2,
          column_ruins_open_tiny, column_ruins_open_tiny,
          column_ruins_columns_straight, column_ruins_corridor_T,
          chequers_serial_rivers_marsh, tgw_fedhas
D:7:      layout_basic, serial_shops, shop, uniq_pikel
D:8:      kennysheep_blocky_hall, layout_loops_cross, serial_ice, serial_ice_l,
          serial_ice_o, serial_ice_d, serial_ice_g, serial_ice_n, serial_ice_b,
          uniq_prince_ribbit1
D:9:      layout_long_grid, chequers_serial_rivers_small_b,
          nicolae_gozag_seed_capital, uniq_harold, uniq_erica
D:10:     layout_basic, erik_lair_orcish_takeover
D:11:     layout_irregular_city, david_orc_1_choice, serial_shops, shop,
          enter_bailey_2, uniq_josephine
D:12:     layout_loops_ring, portal_ice_cave_entry_pillars_2, basic_altar,
          serial_bayou_pond_e, serial_bayou_crossing, uniq_nessos
D:13:     layout_basic, lightli_vaults_fourway_checkpoint, serial_shops, shop,
          shop, shop_statue, kennysheep_nub
D:14:     layout_grid_maze
D:15:     hangedman_depths_entry_try_elsewhere_first, layout_basic
Lair:1:   layout_cave_pods, basic_altar, amcnicky_altar_gilded
Lair:2:   layout_layer_cave, swamp_mist, guppyfry_snake_entry_island,
          hellmonk_ghost_happy_afterlife, grunt_megastairs_3, uniq_urug
Lair:3:   layout_loops_ring, lemuel_fruit_tree
Lair:4:   layout_loops_ring, wad_woods_road_01,
          grunt_forest_small_clearing_treed, lemuel_fruit_fields,
          minmay_lair_oklob_chamber
Lair:5:   layout_cellular_growth, infiniplex_staircase_pool_2,
          grunt_megastairs_2
Lair:6:   minmay_lair_end_frog_pond, layout_misc_corridors, slime_dummy,
          serial_bayou_shore_a
Orc:1:    layout_caves, nicolae_orc_rockfall
Orc:2:    st_orc_congregation, layout_diamond_mine, roderic_batcave,
          nicolae_orc_flooded_monolith

Skill      XL: |  1  2  3  4  5  6  7  8  9 10 11 12 13 14 15 |
---------------+----------------------------------------------+-----
Axes           | 4 5 |  5.2
Fighting       | 4 5 6 7 8 10 11 13 14 16 | 16.3
Armour         | 3 4 5 6 8 9 11 13 14 15 16 | 16.2
Dodging        | 3 4 6 7 |  7.5
Maces & Flails | 2 4 5 7 10 11 | 11.5
Shields        | 4 8 11 13 16 | 16.5

Action                   |  1- 3 |  4- 6 |  7- 9 | 10-12 | 13-15 || total
-------------------------+-------+-------+-------+-------+-------++-------
Melee: Hand axe          |    95 |     6 |       |       |       ||   101
       Headbutt          |     9 |    17 |   125 |   231 |   270 ||   652
       Whip              |       |    99 |   494 |   782 |       ||  1375
       Demon whip        |       |       |       |   167 |  1179 ||  1346
Invok: Berserk           |       |       |     2 |     7 |     7 ||    16
       Brothers in Arms  |       |       |       |     7 |     8 ||    15
       Trog's Hand       |       |       |       |     1 |     2 ||     3
  Use: Scroll            |       |       |       |    31 |     7 ||    38
       Potion            |       |       |       |       |     6 ||     6
 Stab: Distracted        |       |       |       |       |     2 ||     2
       Fleeing           |       |       |       |       |     1 ||     1
Armor: Ring mail         |     6 |       |       |       |       ||     6
       Animal skin       |     1 |       |       |       |       ||     1
       Chain mail        |    50 |    46 |   122 |       |       ||   218
       Crystal plate arm |       |       |    71 |   707 |   698 ||  1476
Dodge: Dodged            |    50 |    46 |   138 |    91 |   184 ||   509
Block: Tower shield      |       |       |     1 |   891 |  1227 ||  2119

Table legend: (Time is in decaauts)
 A = Elapsed time spent in this place.
 B = Non-inter-level travel time spent in this place.
 C = Inter-level travel time spent in this place.
 D = Time resting spent in this place.
 E = Time spent auto-exploring this place.
 F = Levels seen in this place.
 G = Mean time per level.
                   A        B        C        D        E       F      G
               +--------+--------+--------+--------+--------+-----+--------+
         Total |  30626 |  29390 |   1236 |   8964 |  15661 |  25 | 1225.0 |
       Dungeon |  20078 |  19069 |   1009 |   5538 |  10425 |  15 | 1338.5 |
          Lair |   5492 |   5348 |    144 |    753 |   3924 |   6 |  915.3 |
  Orcish Mines |   2399 |   2318 |     81 |    840 |   1025 |   2 | 1199.5 |
        Bailey |    655 |    655 |      0 |    414 |     57 |   1 |  655.0 |
      Ice Cave |   2001 |   2001 |      0 |   1418 |    229 |   1 | 2001.0 |
               +--------+--------+--------+--------+--------+-----+--------+

Top non-repeatable levels by time:
     D:5: 2126 daAuts
   IceCv: 2001 daAuts
    D:12: 1876 daAuts
    D:14: 1737 daAuts
     D:6: 1678 daAuts
     D:4: 1664 daAuts
     D:8: 1556 daAuts
  Lair:2: 1459 daAuts
    D:10: 1428 daAuts
     D:1: 1218 daAuts
   Orc:1: 1207 daAuts
   Orc:2: 1191 daAuts
    D:11: 1120 daAuts
  Lair:4: 1097 daAuts
    D:15: 1038 daAuts
